 Dungeon Crawl Stone Soup version 0.29.1-2-gbd0b4ee654 (webtiles) character file.

Game seed: 13770913782946564070

303 Arctor the Shield-Bearer (level 6, -6/56 HPs)
             Began as a Minotaur Fighter on Oct 27, 2022.
             Mangled by a kobold brigand
             ... wielding a +0 club
              (8 damage)
             ... in a sewer.
             The game lasted 00:01:36 (2317 turns).

Arctor the Shield-Bearer (Minotaur Fighter)         Turns: 2317, Time: 00:01:38

Health: -6/56      AC:  7    Str: 22    XL:     6   Next: 15%
Magic:  5/5        EV:  9    Int:  5    God:
Gold:   131        SH:  5    Dex: 10    Spells: 5/5 levels left

rFire   . . .      SeeInvis +   a - +0 war axe
rCold   . . .      Faith    .   c - +0 buckler
rNeg    . . .      Spirit   .   b - +0 scale mail
rPois   .          Reflect  .   (helmet restricted)
rElec   .          Harm     .   (no cloak)
rCorr   .          Rampage  .   (no gloves)
Will    .....                   (no boots)
Stlth   ..........              (no amulet)
HPRegen 0.18/turn               i - ring of see invisible
MPRegen 0.09/turn               (no ring)

@: hasted, very quick
A: horns 2, retaliatory headbutt
a: no special abilities


You were in a sewer.
You visited 1 branch of the dungeon, and saw 3 of its levels.
You also visited: Sewer.

You collected 131 gold pieces.

Inventory:

Hand Weapons
 a - a +0 war axe (weapon)
Armour
 b - a +0 scale mail (worn)
 c - a +0 buckler (worn)
Jewellery
 i - a ring of see invisible (left hand)
Scrolls
 e - a scroll of acquirement {unknown}
 f - 9 scrolls of identify {unknown}
 h - 5 scrolls of teleportation {unknown}
 j - 2 scrolls of noise {unknown}
 n - a scroll of amnesia {unknown}
Potions
 d - 3 potions of might
 k - a potion of curing {unknown}
 l - a potion of ambrosia {unknown}
 m - 2 potions of heal wounds {unknown}


   Skills:
 + Level 5.2 Fighting
 + Level 4.4 Axes
 + Level 5.2 Armour
 + Level 5.2 Shields


You had 5 spell levels left.
You didn't know any spells.
Your spell library contained the following spells:

 Spells                   Type           Power      Damage    Failure   Level
 Apportation              Tloc           0%         N/A       86%         1
 Alistair's Intoxication  Tmut/Pois      0%         N/A       100%        5


Dungeon Overview and Level Annotations

Branches:
Dungeon (3/15)              Sewer (1/1)

Altars:

Shops:
D:3 (


Innate Abilities, Weirdness & Mutations

You have a pair of horns on your head.
You reflexively headbutt those who attack you in melee.


Message History

You kill the kobold brigand!
The kobold brigand throws a poisoned dart.
The poisoned dart hits you!
You are poisoned.
The kobold brigand throws a poisoned dart.
You block the poisoned dart.
You have reached level 6!
You feel sick.
The kobold brigand completely misses you.
The kobold brigand hits you with a +0 club.
Things that are here:
a +0 short sword; 7 poisoned darts You hit the kobold brigand.
The kobold brigand is lightly wounded.
You closely miss the kobold brigand.
You feel sick.
The kobold brigand barely misses you. x2
You block the kobold brigand's attack. The kobold brigand barely misses you.
You closely miss the kobold brigand. You headbutt the kobold brigand!
The kobold brigand is heavily wounded.
You slash the kobold brigand!
You feel sick.
The kobold brigand hits you with a +0 club.
You block the kobold brigand's attack.
You barely miss the kobold brigand. You headbutt the kobold brigand!
The kobold brigand is almost dead.
You hit the kobold brigand.
You feel sick.
The kobold brigand hits you with a +0 club.
* * * LOW HITPOINT WARNING * * *
The kobold brigand hits you with a +0 club.
* * * LOW HITPOINT WARNING * * *
The kobold brigand attacks as you move away!
The kobold brigand hits you with a +0 club.
* * * LOW HITPOINT WARNING * * *
The kobold brigand attacks as you move away!
The kobold brigand hits you with a +0 club.
* * * LOW HITPOINT WARNING * * *
You feel sick.
It was a potion of haste.
You feel yourself speed up.
You feel sick.
You are no longer poisoned.
The kobold brigand hits you with a +0 club!
You die...

## ## #.#.#
#...## #..!.
.!.# #K.# #K#
#@# #.# ##.##
##~~.##
#.....####...
#....~≈≈≈≈..~
#..~..####~!
##...## ##~##


You could see 2 kobold brigands.

Vanquished Creatures
  A centaur (D:3)
  A kobold brigand (Sewer)
  Jessica (D:2)
  3 adders
  2 river rats
  A worm (D:2)
  2 dart slugs (D:1)
  4 orcs (D:3)
  11 ball pythons
  5 bats
  7 endoplasms
  A giant cockroach (D:3)
  5 goblins
  6 hobgoblins
  7 jackals
  4 frilled lizards
  4 kobolds
  6 rats
71 creatures vanquished.

Notes
Turn   | Place    | Note
-------+----------+-------------------------------------------
     0 | D:1      | Arctor the Minotaur Fighter began the quest for the Orb.
     0 | D:1      | Reached XP level 1. HP: 19/19 MP: 0/0
   155 | D:1      | Reached XP level 2. HP: 26/27 MP: 1/1
   634 | D:1      | Reached XP level 3. HP: 33/33 MP: 2/2
   648 | D:1      | Found a faded altar of an unknown god.
   968 | D:2      | Noticed Jessica
   971 | D:2      | Killed Jessica
   975 | D:2      | Reached XP level 4. HP: 39/41 MP: 3/3
  1738 | D:3      | Found Fibrir's Antique Weapon Boutique.
  1830 | D:3      | Noticed a centaur
  1839 | D:3      | Killed a centaur
  1840 | D:3      | Reached XP level 5. HP: 22/47 MP: 4/4
  2076 | D:3      | Reached skill level 5 in Shields
  2080 | D:3      | Found a glowing drain.
  2086 | Sewer    | Entered a sewer
  2096 | Sewer    | Reached skill level 5 in Fighting
  2096 | Sewer    | Reached skill level 5 in Armour
  2312 | Sewer    | Reached XP level 6. HP: 28/56 MP: 5/5
  2317 | Sewer    | HP: 2/56 [poisoned by a kobold brigand]
  2317 | Sewer    | Mangled by a kobold brigand

Illustrated notes

Levels and vault maps discovered:
D:1:      lightli_arrival_flooded_house, layout_basic,
          hellmonk_ecumenical_altar_pennies_from_heaven, minmay_misc_feat_x,
          minmay_bisected
D:2:      layout_loops_ring, uniq_jessica
D:3:      layout_basic, serial_shops, shop, portal_sewer_entry_e,
          amcnicky_mini_rare_corridor_liquid
Sewer:    sewer_co_15_rooms

Skill      XL: |  1  2  3  4  5 |
---------------+----------------+-----
Fighting       | 4 5 |  5.2
Shields        | 4 5 |  5.2
Armour         | 4 5 |  5.2
Axes           | 3 4 |  4.4

Action                   |  1- 3 |  4- 6 || total
-------------------------+-------+-------++-------
Melee: War axe           |    56 |    83 ||   139
       Headbutt          |     5 |    13 ||    18
  Use: Potion            |       |     1 ||     1
Armor: Scale mail        |    25 |    44 ||    69
Dodge: Dodged            |    22 |    49 ||    71
Block: Buckler           |    11 |    21 ||    32
